 Dungeon Crawl Stone Soup version 0.28-a0-172-g787e458d71 (webtiles) character file.

Game seed: 12616177515066597834

65 omnomnOMINOUS the Magician (level 4, 0/28 HPs)
             Began as an Octopode Hedge Wizard on Aug 17, 2021.
             Was a Believer of Wu Jian.
             Slain by an adder (1 damage)
             ... on level 2 of the Dungeon.
             The game lasted 00:05:52 (1956 turns).

omnomnOMINOUS the Magician (Octopode Hedge Wizard)  Turns: 1956, Time: 00:05:53

Health: 0/28       AC:  1    Str:  9    XL:     4   Next: 14%
Magic:  2/9        EV: 13    Int: 17    God:    Wu Jian [**....]
Gold:   31         SH:  0    Dex: 11    Spells: 6/9 levels left

rFire   . . .      SeeInvis .   a - +4 whip
rCold   . . .      Faith    .   (no shield)
rNeg    . . .      Spirit   .   e - +0 hat
rPois   .          Reflect  .   (no amulet)
rElec   .          Harm     .   (no ring)
rCorr   .          Rampage  .   (no ring)
Will    .....                   (no ring)
Stlth   +++.......              (no ring)
HPRegen 0.09/turn               (no ring)
MPRegen 0.11/turn               (no ring)
                                (no ring)
                                (no ring)

@: lethally poisoned (0 -> -2), very slightly contaminated
A: almost no armour, amphibious, 8 rings, camouflage 1, gelatinous body 1,
(nimble swimmer 1), tentacles
a: Renounce Religion, Wall Jump


You were on level 2 of the Dungeon.
You worshipped Wu Jian.
Wu Jian was pleased with you.
You visited 1 branch of the dungeon, and saw 2 of its levels.

You collected 31 gold pieces.

Inventory:

Hand Weapons
 a - a +4 whip (weapon)
Missiles
 d - 10 poisoned darts
Armour
 e - a +0 hat (worn)
Scrolls
 b - a scroll of blinking
 c - a scroll of identify {unknown}
 f - 2 scrolls of noise {unknown}
 g - 2 scrolls of silence {unknown}


   Skills:
 + Level 1.3 Fighting
 + Level 2.6 Dodging
 - Level 2.6 Stealth
 + Level 3.3 Spellcasting
 * Level 2.4 Conjurations
 - Level 1.0 Summonings
 - Level 1.0 Translocations


You had 6 spell levels left.
You knew the following spells:

 Your Spells              Type           Power      Damage    Failure   Level
a - Magic Dart            Conj           44%        1d5       6%          1
b - Blink                 Tloc           N/A        N/A       17%         2

Your spell library contained the following spells:

 Spells                   Type           Power      Damage    Failure   Level
 Call Imp                 Summ           6%         N/A       17%         2
 Corpse Rot               Necr/Air       N/A        N/A       26%         2
 Slow                     Hex            2%         N/A       26%         2
 Conjure Flame            Conj/Fire      6%         6-21      30%         3
 Mephitic Cloud           Conj/Pois/Air  5%         N/A       36%         3
 Dispel Undead            Necr           2%         3d7       86%         4
 Death Channel            Necr           1%         N/A       100%        6


Dungeon Overview and Level Annotations

Branches:
Dungeon (2/15)

Altars:
Wu Jian


Innate Abilities, Weirdness & Mutations

You cannot wear most types of armour.
You are amphibious.
You can wear up to eight rings at the same time.
Your skin changes colour to match your surroundings (Stealth+).
Your rubbery body absorbs attacks. (AC +1, EV +1)
((You are camouflaged near water. (Stealth+)))
You have tentacles for arms and can constrict up to eight enemies at once.


Message History

The magic dart hits the adder.
The adder is moderately wounded.
The jackal bites you. x2
Unknown command.
You hit the adder. Your grab misses the adder.
The adder is severely wounded.
The adder bites you.
* * * LOW HITPOINT WARNING * * *
You are poisoned.
The adder poisons you! The jackal bites you.
* * * LOW HITPOINT WARNING * * *
The adder bites you.
* * * LOW HITPOINT WARNING * * *
You are lethally poisoned!
The adder poisons you!
You aren't carrying any potions.
Blink to where?
Press: ? - help, Dir - move target, p - adder
As you read the scroll labelled ODOANKEACA, it crumbles to dust.
It was a scroll of blinking.
* * * LOW HITPOINT WARNING * * *
You feel sick.
g - 2 scrolls labelled HAGOAPP SIVACIEHO (gained 1)
* * * LOW HITPOINT WARNING * * *
You feel sick.
Casting: Magic Dart (safe; 6% risk of failure)
Confirm with . or Enter, or press ? or * to list all spells.
Aiming: Magic Dart (safe; 6% risk of failure)
Press: ? - help, Shift-Dir - straight line, f - adder
Aim: an adder (severely wounded, 100% to hit)
The magic dart hits the adder.
The adder is almost dead.
* * * LOW HITPOINT WARNING * * *
You feel sick.
You completely miss the adder. You grab the adder.
The adder is almost dead.
You constrict the adder, but do no damage.
* * * LOW HITPOINT WARNING * * *
You feel sick. The adder bites you.
You die...

..#####.## ### #
.....##.. ..##.# #
...#.########..... #.#
.#.#.###..(...##.##.#.#
.#.........†..##......
.###.##....†........#
.# #†##.......##.#..#
.. ..##........h....#
####.......#.##S@#.##
#.......#.##.## #
#.......#.##.#
#.......#....
#.......###.. #.. #.#
#.


You could see an adder and a jackal.

Vanquished Creatures
  An adder (D:2)
  4 ball pythons
  4 endoplasms
  3 giant cockroaches
  5 goblins
  4 hobgoblins
  9 jackals
  2 quokkas (D:1)
  6 bats
  4 frilled lizards
  4 kobolds
  4 rats
50 creatures vanquished.

Vanquished Creatures (others)
  A plant (D:1)
1 creature vanquished.

Grand Total: 51 creatures vanquished

Notes
Turn   | Place    | Note
-------+----------+-------------------------------------------
     0 | D:1      | omnomnOMINOUS the Octopode Hedge Wizard began the quest for
                  | the Orb.
     0 | D:1      | Reached XP level 1. HP: 11/11 MP: 4/4
   686 | D:1      | Reached XP level 2. HP: 18/18 MP: 6/6
   689 | D:1      | Learned a level 2 spell: Blink
  1089 | D:1      | Found a faded altar of an unknown god.
  1092 | D:1      | Became a worshipper of the Wu Jian Council
  1092 | D:1      | Reached * piety under Wu Jian
  1156 | D:1      | Reached XP level 3. HP: 17/22 MP: 7/7
  1162 | D:1      | Reached skill level 1 in Fighting
  1894 | D:2      | Reached ** piety under Wu Jian
  1943 | D:2      | Reached XP level 4. HP: 16/28 MP: 5/9
  1956 | D:2      | HP: 1/28 [poisoned by an adder]
  1956 | D:2      | Slain by an adder

Illustrated notes

Levels and vault maps discovered:
D:1:      minmay_arrival_loop, layout_loops_cross,
          hellmonk_ecumenical_altar_inner_sanctum, hangedman_decor_opposing,
          kennysheep_nondescript, serial_bayou_pond_b
D:2:      layout_loops_cross

Skill      XL: |  1  2  3 |
---------------+----------+-----
Fighting       | 1 |  1.3
Conjurations   | 2 |  2.4
Dodging        | |  2.6
Stealth        | |  2.6
Spellcasting   | |  3.3
Summonings     | |  1.0
Translocations | |  1.0

Action                   |  1- 3 |  4- 6 || total
-------------------------+-------+-------++-------
Melee: Dagger            |     8 |       ||     8
       Tentacles         |     9 |     1 ||    10
       Constrict         |    15 |     2 ||    17
       Whip              |    61 |     3 ||    64
       Short sword       |     9 |       ||     9
 Cast: Magic Dart        |    30 |     4 ||    34
Invok: Lunge             |    12 |       ||    12
       Whirlwind         |     1 |       ||     1
 Abil: Wall Jump         |     1 |       ||     1
  Use: Scroll            |       |     1 ||     1
       Potion            |       |     1 ||     1
 Stab: Sleeping          |    11 |       ||    11
       Distracted        |     2 |       ||     2
Armor: Skin              |     5 |       ||     5
Dodge: Dodged            |    36 |     1 ||    37

Table legend: (Time is in decaauts)
 A = Elapsed time spent in this place.
 B = Non-inter-level travel time spent in this place.
 C = Inter-level travel time spent in this place.
 D = Time resting spent in this place.
 E = Time spent auto-exploring this place.
 F = Levels seen in this place.
 G = Mean time per level.
                   A        B        C        D        E       F      G
               +--------+--------+--------+--------+--------+-----+--------+
         Total |   1961 |   1937 |     24 |    663 |    875 |   2 |  980.5 |
       Dungeon |   1961 |   1937 |     24 |    663 |    875 |   2 |  980.5 |
               +--------+--------+--------+--------+--------+-----+--------+

Top non-repeatable levels by time:
     D:1: 1552 daAuts
     D:2: 408 daAuts
